 Dungeon Crawl Stone Soup version 0.20.1-1-g8b1a95d (webtiles) character file.

225 larsimusprime the Grasshopper (level 6, -8/55 HPs)
             Began as a Naga Warper on Oct 28, 2017.
             Mangled by an iguana (12 damage)
             ... on level 4 of the Dungeon.
             The game lasted 00:18:36 (3316 turns).

larsimusprime the Grasshopper (Naga Warper)         Turns: 3316, Time: 00:18:37

Health: -8/55      AC:  4    Str: 15    XL:     6   Next: 1%
Magic:  4/9        EV:  5    Int: 14    God:
Gold:   137        SH: 10    Dex: 10    Spells: 5/9 levels left

rFire    . . .     SeeInvis +   a - +0 mace
rCold    . . .     Gourm    +   k - +0 large shield
rNeg     . . .     Faith    .   b - +0 leather armour
rPois    +         Spirit   .   (no helmet)
rElec    .         Reflect  .   (no cloak)
rCorr    .         Harm     .   u - +0 pair of gloves
MR       .....                  (no barding)
Stlth    ++........             B - amulet of the gourmand
Regen    0.2/turn               m - +3 ring of slaying
MPRegen  0.2/turn               (no ring)

@: very slightly contaminated, very slow
A: see invisible, deformed body, poison resistance, slowness 2, slow metabolism
1, spit poison 1, AC +2
a: Spit Poison


You were on level 4 of the Dungeon.
You were hungry.

You visited 1 branch of the dungeon, and saw 4 of its levels.

You collected 137 gold pieces.

Inventory:

Hand Weapons
 a - a +0 mace (weapon)
Missiles
 e - 3 tomahawks of dispersal
 h - 3 tomahawks (quivered)
 p - 125 stones
 q - a throwing net
Armour
 b - a +0 leather armour (worn)
 k - a +0 large shield (worn)
 u - a +0 pair of gloves (worn)
Magical Staves
 t - an uncursed staff of summoning {unknown}
Jewellery
 m - a +3 ring of slaying (left hand)
 B - an amulet of the gourmand (around neck)
Scrolls
 d - 2 scrolls of blinking
 j - a scroll of amnesia {unknown}
 n - a scroll of identify
 o - 4 scrolls of teleportation {unknown}
 r - a scroll of fog {unknown}
 s - 2 scrolls of enchant armour {unknown}
 y - a scroll of remove curse {unknown}
 D - a scroll of random uselessness {unknown}
Potions
 l - a potion of lignification {unknown}
 v - a potion of resistance {unknown}
 x - a potion of degeneration {unknown}
 z - a potion of might {unknown}
Books
 c - a book of Spatial Translocations

   Spells                             Type                      Level
   a - Blink                          Translocation                2
   b - Shroud of Golubria             Charms/Translocation         2
   c - Lesser Beckoning               Translocation                3
   d - Gell's Gravitas                Translocation                3
   e - Teleport Other                 Translocation                3
   f - Passage of Golubria            Translocation                4
Comestibles
 f - 4 bread rations
 i - a meat ration
 w - 4 fruits
 A - a royal jelly
 C - 3 chunks of flesh


   Skills:
 + Level 2.8 Fighting
 + Level 3.1 Maces & Flails
 + Level 0.8 Throwing
 + Level 2.4 Armour
 + Level 2.3 Dodging
 * Level 2.9 Stealth
 + Level 0.1 Shields
 + Level 2.3 Spellcasting
 + Level 3.2 Translocations


You had 5 spell levels left.
You knew the following spells:

 Your Spells              Type           Power        Failure   Level  Hunger
a - Blink                 Tloc           N/A          96%         2    ###....
b - Shroud of Golubria    Chrm/Tloc      #.........   99%         2    ###....


Dungeon Overview and Level Annotations

Branches:
Dungeon (4/15)
 Temple: D:4-7

Altars:
Ashenzari
Gozag
Makhleb
Trog


Innate Abilities, Weirdness & Mutations

You cannot wear boots.
Your serpentine skin is tough. (AC +2)
You have supernaturally acute eyesight. (SInv)
Armour fits poorly on your strangely shaped body.
Your system is resistant to poisons. (rPois)
You cover ground very slowly.
You have a slow metabolism.
You can spit poison.


Message History

You completely miss the iguana. The iguana barely misses you.
The iguana bites you!
* * * LOW HITPOINT WARNING * * *
You hit the iguana.
The iguana is lightly wounded.
The iguana bites you.
* * * LOW HITPOINT WARNING * * *
You feel better. The iguana bites you.
* * * LOW HITPOINT WARNING * * *
You hit the iguana but do no damage.
The iguana is lightly wounded.
The iguana bites you!
* * * LOW HITPOINT WARNING * * *
You feel better. The iguana barely misses you.
You closely miss the iguana.
The iguana is lightly wounded.
The iguana bites you!
* * * LOW HITPOINT WARNING * * *
The iguana bites you!
You die...

..............#
###.......####
#.##.####
#######.÷..#
........####
#######.# #
#.## ...
#..###.....
#..@l......
#..##......
#..# _..⌠. #..#
.... #..# ...
#..# .. #... .
##.


You could see an iguana.

Vanquished Creatures
  A scorpion (D:4)
  2 hounds
  A worker ant (D:4)
  2 adders
  A worm (D:3)
  2 dart slugs
  A leopard gecko (D:4)
  An orc (D:4)
  2 ball pythons
  8 bats
  A giant cockroach (D:2)
  11 goblins
  8 hobgoblins
  6 jackals
  6 kobolds
  A quokka (D:2)
  3 frilled lizards
  10 rats
  A bush (D:1)
68 creatures vanquished.

Notes
Turn   | Place    | Note
-------+----------+-------------------------------------------
     0 | D:1      | larsimusprime the Naga Warper began the quest for the Orb.
     0 | D:1      | Reached XP level 1. HP: 19/19 MP: 3/3
   125 | D:1      | Reached XP level 2. HP: 16/26 MP: 5/5
   244 | D:1      | Learned a level 2 spell: Blink
   247 | D:1      | Learned a level 2 spell: Shroud of Golubria
   559 | D:1      | Reached skill level 1 in Armour
   724 | D:1      | Reached XP level 3. HP: 32/32 MP: 6/6
   796 | D:1      | Found a shattered altar of Ashenzari.
  1750 | D:2      | Reached skill level 1 in Stealth
  1775 | D:2      | Reached XP level 4. HP: 38/39 MP: 7/7
  1790 | D:2      | Found a burning altar of Makhleb.
  2362 | D:3      | Found a bloodstained altar of Trog.
  2956 | D:3      | Reached XP level 5. HP: 35/46 MP: 8/8
  3285 | D:4      | Found an opulent altar of Gozag.
  3310 | D:4      | Reached XP level 6. HP: 22/55 MP: 3/9
  3316 | D:4      | Mangled by an iguana

Skill      XL: |  1  2  3  4  5 |
---------------+----------------+-----
Armour         | 1 2 |  2.4
Stealth        | 1 2 |  2.9
Dodging        | 2 |  2.3
Maces & Flails | 3 |  3.1
Fighting       | |  2.8
Throwing       | |  0.8
Shields        | |  0.1
Spellcasting   | |  2.3
Translocations | |  3.2

Action                   |  1- 3 |  4- 6 || total
-------------------------+-------+-------++-------
Melee: Mace              |   149 |    62 ||   211
Throw: Tomahawk          |     2 |       ||     2
 Cast: Blink             |     1 |       ||     1
 Abil: Spit Poison       |    35 |    12 ||    47
  Use: Potion            |       |     3 ||     3
       Scroll            |       |     1 ||     1
  Eat: Chunk             |     4 |     5 ||     9
Armor: Leather armour    |    18 |    21 ||    39
Dodge: Dodged            |    53 |    12 ||    65
Block: Large shield      |     1 |    33 ||    34
